 Dungeon Crawl Stone Soup version 0.24.0-123-gd5b16e6ec5 (webtiles) character file.

Game seed: 8809957604882034079, levelgen mode: deterministic

20 brucemayne the Chopper (level 2, 0/26 HPs)
             Began as a Hill Orc Monk on Jan 26, 2020.
             Succumbed to a worker ant's poison
             ... on level 4 of the Dungeon.
             The game lasted 00:02:19 (523 turns).

brucemayne the Chopper (Hill Orc Monk)               Turns: 523, Time: 00:02:20

Health: 0/26       AC:  6    Str: 13    XL:     2   Next: 79%
Magic:  2/2        EV:  9    Int: 10    God:
Gold:   32         SH:  3    Dex: 13    Spells: 1/1 levels left

rFire    . . .     SeeInvis .   a - +1 hand axe
rCold    . . .     Gourm    .   m - +0 buckler
rNeg     . . .     Faith    .   f - -2 scale mail
rPois    .         Spirit   .   (no helmet)
rElec    .         Reflect  .   (no cloak)
rCorr    .         Harm     .   (no gloves)
MR       .....                  (no boots)
Stlth    ..........             (no amulet)
HPRegen  0.08/turn              h - +2 ring of protection
MPRegen  0.08/turn              (no ring)

@: lethally poisoned (0 -> -7)
A: no striking features
a: no special abilities


You were on level 4 of the Dungeon.
You were not hungry.

You visited 1 branch of the dungeon, and saw 4 of its levels.

You collected 32 gold pieces.

Inventory:

Hand Weapons
 a - a +1 hand axe (weapon)
Missiles
 n - 15 poisoned darts (quivered)
Armour
 b - a +0 robe
 f - a -2 scale mail (worn)
 k - a +0 leather armour
 m - a +0 buckler (worn)
Jewellery
 h - a +2 ring of protection (left hand)
Wands
 o - a wand of acid (10)
Scrolls
 g - a scroll of enchant weapon
 j - a scroll of remove curse
Potions
 e - 2 potions of degeneration
Comestibles
 c - 2 rations


   Skills:
 - Level 3.6 Fighting
 + Level 5.2 Axes
 - Level 2.4 Dodging
 - Level 1.5 Stealth
 + Level 0.2 Shields


You had one spell level left.
You didn't know any spells.
Your spell library was empty.

Dungeon Overview and Level Annotations

Branches:
Dungeon (4/15)
 Temple: D:4-7

Altars:
Fedhas
Yredelemnul


Message History

The howler monkey hits you.
You open the door. The worker ant misses you.
The leopard gecko bites you but does no damage.
The howler monkey hits you but does no damage.
The worker ant bites you but does no damage.
The leopard gecko bites you.
Found 16 gold pieces.
The howler monkey hoots and howls with incredible vigour!
You hear an angry hiss.
There is an open door here.
Okay, then.
Okay, then.
The leopard gecko hisses menacingly.
The worker ant bites you.
* * * LOW HITPOINT WARNING * * *
You are lethally poisoned!
The worker ant poisons you!
* * * LOW HITPOINT WARNING * * *
You feel sick.
You die...

........##...##...#
........$.o.......#
.........g........#
...........)......#
######.##..###...#
####.##.##..###...#
#.................#
#.................#
#......o........@.#
#...).........gg..#
#...............a.#
###..............h#
##..............#
####.###'###...#
+.##'##..###l###
#........g.go..#
#..............#


You could see a howler monkey, a worker ant, 3 gnolls, an orc and a leopard
gecko.

Vanquished Creatures
  A dart slug (D:1)
  4 hobgoblins
  A quokka (D:3)
  A bat (D:1)
  A frilled lizard (D:1)
  6 goblins
  2 kobolds (D:1)
  A rat (D:1)
17 creatures vanquished.

Notes
Turn   | Place    | Note
-------+----------+-------------------------------------------
     0 | D:1      | brucemayne the Hill Orc Monk began the quest for the Orb.
     0 | D:1      | Reached XP level 1. HP: 19/19 MP: 1/1
   156 | D:1      | Reached XP level 2. HP: 7/26 MP: 2/2
   193 | D:1      | Reached skill level 5 in Axes
   369 | D:2      | Found a blossoming altar of Fedhas.
   444 | D:3      | Found a basalt altar of Yredelemnul.
   506 | D:4      | Noticed a howler monkey
   522 | D:4      | HP: 1/26 [poisoned by a worker ant]
   523 | D:4      | Succumbed to a worker ant's poison

Levels and vault maps discovered:
D:1:      lemuel_arrival_hallway, layout_loops_ring
D:2:      layout_loops_cross, fedhas_altar_fruit_tree, uniq_crazy_yiuf_cottage
D:3:      layout_basic, yredelemnul_altar_generic,
          chequers_ecumenical_altar_simple_redux, first_ration
D:4:      layout_gridville, minmay_temple_entry_enclosed_plants,
          nicolae_ossuary_entry_ruins

Skill      XL: |  1  2 |
---------------+-------+-----
Axes           | 5 |  5.2
Fighting       | |  3.6
Dodging        | |  2.4
Stealth        | |  1.5
Shields        | |  0.2

Action                   || total
-------------------------++-------
Melee: Hand axe          ||    42
  Use: Scroll            ||     4
       Potion            ||     1
Armor: Scale mail        ||    19
Dodge: Dodged            ||    29
Block: Buckler           ||     5
